 Dungeon Crawl Stone Soup version 0.30.1-11-g7821555f0a (webtiles) character file.

Game seed: 5661252340487017630

112 AudioDrama the Sneak (level 5, 0/36 HPs)
             Began as a Djinni Enchanter on Jan 11, 2024.
             Slain by an orc wizard
             ... wielding a +0 dagger
              (2 damage)
             ... on level 4 of the Dungeon.
             The game lasted 00:06:44 (1162 turns).

AudioDrama the Sneak (Djinni Enchanter)             Turns: 1162, Time: 00:06:44

Health: 0/36       AC:  2    Str:  7    XL:     5   Next: 16%
Gold:   84         EV: 13    Int: 18    God:
                   SH:  0    Dex: 14

rFire   + + +        a - +2 dagger (venom)
rCold   . . .        (no shield)
rNeg    . . .        b - +0 robe
rPois   ∞            (no helmet)
rElec   +            (no cloak)
rCorr   +            (no gloves)
SInv    .            (boots unavailable)
Will    .....        (no amulet)
Stlth   ++           (no ring)
HPRegen 0.26/turn    (no ring)
MPRegen 0.00/turn

%: infuse magic (-1 HP)
@: resistant, flying
A: sickness immunity, fire resistance 2, cold vulnerability 1, float, innate
caster, HP casting, extra vitality 1
a: no special abilities


You were on level 4 of the Dungeon.
You visited 1 branch of the dungeon, and saw 4 of its levels.

You collected 84 gold pieces.

Inventory:

Hand Weapons
 a - a +2 dagger of venom (weapon)
Armour
 b - a +0 robe (worn)
Wands
 d - a wand of roots (9)
Potions
 c - a potion of invisibility
 f - a potion of brilliance
 g - a potion of might


   Skills:
 * Level 0.9 Fighting
 * Level 1.5 Short Blades
 * Level 1.3 Armour
 * Level 2.9 Dodging
 * Level 3.1 Stealth
 * Level 2.8 Spellcasting
 * Level 0.4 Evocations


You knew the following spells:

 Your Spells              Type           Power      Damage    Failure   Level
a - Ensorcelled Hibernat  Hex/Ice        26%        N/A       8%          2
b - Confusing Touch       Hex            13%        N/A       16%         3
c - Tukima's Dance        Hex            13%        N/A       16%         3
d - Dazzling Flash        Conj/Hex       26%        N/A       16%         3
e - Slow                  Hex            52%        N/A       4%          1
f - Scorch                Fire           26%        2d6       8%          2
Your spell library was empty.

Dungeon Overview and Level Annotations

Branches:
Dungeon (4/15)
 Temple: D:4-7

Altars:
Dithmenos


Innate Abilities, Weirdness & Mutations

You are immune to sickness and miasma.
You are immune to poison.
Your flesh is very heat resistant. (rF++)
You are vulnerable to cold. (rC-)
You float through the air rather than walking.
You learn spells naturally, not from books.
Your magical power is your life essence.
You have superior vitality. (+4 MHP)


Message History

Items here: )) [ ††.
There is a stone staircase leading up here.
You swap places.
Your +0 club falls from the air.
Things that are here:
a +0 morningstar; an orc corpse The orc wizard points at you and mumbles some strange words.
The puff of flame hits you. You resist.
Things that are here:
a +0 dagger; a +0 ring mail An orc comes into view.
It is wielding a +0 hand axe.
The orc wizard barely misses you.
The orc shouts!
You hit the orc wizard.
The orc wizard is lightly wounded.
The orc wizard hits you with a +0 dagger.
You barely miss the orc wizard.
The orc wizard is lightly wounded.
The orc wizard misses you.
You barely miss the orc wizard.
The orc wizard is lightly wounded.
The orc wizard barely misses you.
You hit the orc wizard but do no damage.
The orc wizard is poisoned.
The orc wizard is lightly wounded.
The orc wizard hits you but does no damage.
You closely miss the orc. The orc hits you with a +0 hand axe!
The orc wizard hits you with a +0 dagger.
An orc comes into view. It is wielding a +0 dagger.
You closely miss the orc.
The orc wizard hits you with a +0 dagger.
* * * LOW HITPOINT WARNING * * *
The orc hits you with a +0 hand axe.
* * * LOW HITPOINT WARNING * * *
Unknown command.
It was a potion of resistance.
You feel protected. The orc barely misses you.
The orc wizard hits you with a +0 dagger.
You die...

### ### #.# ... #.#
... #.# ... #:#
..#.## #.# .....###
#)# #oo.######)#
#.@).)<).#†#######
#...####).....[...
..............#######
..........######
##.#....#.#
#.#.....<. #
#.>.o.... ##......##


You could see an orc wizard (poisoned) and 2 orcs.

Vanquished Creatures
  A howler monkey (D:4)
  3 adders
  7 orcs
  2 ball pythons (D:1)
  2 bats
  2 giant cockroaches
  2 goblins
  4 hobgoblins
  6 jackals
  5 kobolds
  A quokka (D:2)
  2 rats
37 creatures vanquished.

Vanquished Creatures (others)
  A dancing weapon (D:4)
1 creature vanquished.

Grand Total: 38 creatures vanquished

Notes
Turn   | Place    | Note
-------+----------+-------------------------------------------
     0 | D:1      | AudioDrama the Djinni Enchanter began the quest for the
                  | Orb.
     0 | D:1      | AudioDrama set off with the following spells memorised:
                  | Ensorcelled Hibernation, Confusing Touch, Tukima's Dance,
                  | Dazzling Flash.
     0 | D:1      | Reached XP level 1. HP: 15/15 MP: 0/0
   331 | D:1      | Reached skill level 1 in Short Blades
   331 | D:1      | Reached XP level 2. HP: 21/21 MP: 0/0
   611 | D:2      | Reached XP level 3. HP: 11/25 MP: 0/0
   611 | D:2      | Learned a level 1 spell: Slow
   868 | D:3      | Reached skill level 1 in Armour
   901 | D:3      | Found a shadowy altar of Dithmenos.
   952 | D:3      | Reached XP level 4. HP: 18/31 MP: 0/0
  1022 | D:4      | Reached skill level 3 in Stealth
  1045 | D:4      | Reached XP level 5. HP: 9/36 MP: 0/0
  1045 | D:4      | Learned a level 2 spell: Scorch
  1162 | D:4      | Slain by an orc wizard

Illustrated notes

Levels and vault maps discovered:
D:1:      dpeg_arrival_castle, layout_basic, minmay_lizard_king
D:2:      layout_rooms, chequers_ecumenical_altar_grove, roderic_roman_lattice,
          corexii_hall_statues_deadend
D:3:      layout_loops_ring, amcnicky_altar_gilded, kennysheep_orc_sif_temple,
          serial_shops, shop, due_unseen_surprise
D:4:      layout_loops_ring, xom_teletrap_fun, lemuel_doored_altar,
          minmay_temple_entry_nine_rooms, minmay_cut_off

Skill      XL: |  1  2  3  4 |
---------------+-------------+-----
Short Blades   | 1 |  1.5
Armour         | 1 |  1.3
Stealth        | 3 |  3.1
Fighting       | |  0.9
Dodging        | |  2.9
Spellcasting   | |  2.8
Evocations     | |  0.4

Action                     |  1- 3 |  4- 6 || total
---------------------------+-------+-------++-------
  Melee: Dagger            |    89 |    42 ||   131
         Punch             |     1 |       ||     1
   Cast: Ensorcelled Hiber |     8 |       ||     8
         Tukima's Dance    |     4 |     4 ||     8
         Confusing Touch   |       |     1 ||     1
  Evoke: Wand              |       |     2 ||     2
    Use: Potion            |     3 |     1 ||     4
         Scroll            |     4 |       ||     4
   Stab: Invisible         |     1 |       ||     1
         Sleeping          |     6 |     1 ||     7
         Confused          |       |     1 ||     1
 Armour: Robe              |    24 |     7 ||    31
  Dodge: Dodged            |   115 |    33 ||   148
